| TOP OF THE 1ST |
|
Texas (APP) Rangers batting - Pitching for Baltimore (APP) Orioles : LHP Lawson Noseworthy
|
|
Pitching: LHP Lawson Noseworthy
|
|
|
Batting: SHB Tim Rogers
|
0-0: Foul Ball, location: 2F 0-1: DOUBLE (Groundball, 5L, EV 106.2 MPH)
|
|
Batting: RHB Ron Squires
|
0-0: Ball 1-0: Ball 2-0: Swinging Strike 2-1: Foul Ball, location: 2F 2-2: Ground out 4-3 (Groundball, 4, EV 81.9 MPH) Tim Rogers to third
|
|
Batting: RHB Jerry Foster
|
0-0: Called Strike 0-1: Fly out, F9 (Flyball, 89M, EV 83.8 MPH)
|
|
Batting: RHB Nick Solberg
|
0-0: Ball 1-0: Ground out 5-3 (Groundball, 56, EV 107.5 MPH)
|
| Top of the 1st over - 0 runs, 1 hit, 0 errors, 1 left on base; Texas (APP) 0 - Baltimore (APP) 0 |
| BOTTOM OF THE 1ST |
|
Baltimore (APP) Orioles batting - Pitching for Texas (APP) Rangers : RHP Rick Madden
|
|
Pitching: RHP Rick Madden
|
|
|
Batting: SHB Eric Kelley
|
0-0: Foul Ball, location: 2F 0-1: Ground out 4-3 (Groundball, 4, EV 83.1 MPH)
|
|
Batting: RHB C.J. Wells
|
0-0: Ball 1-0: Foul Ball, location: 2F 1-1: Ball 2-1: TRIPLE (Flyball, 89XD, EV 90.6 MPH)
|
|
Batting: LHB Xue-liang Zhou
|
0-0: Swinging Strike 0-1: Ball 1-1: Ball 2-1: Ball 3-1: Fly out, F5 (Popup, 5SF, EV 65.0 MPH)
|
|
Batting: RHB Minoru Matsumoto
|
0-0: Called Strike 0-1: Ball 1-1: Swinging Strike 1-2: Strikes out looking
|
| Bottom of the 1st over - 0 runs, 1 hit, 0 errors, 1 left on base; Texas (APP) 0 - Baltimore (APP) 0 |
| TOP OF THE 2ND |
|
Texas (APP) Rangers batting - Pitching for Baltimore (APP) Orioles : LHP Lawson Noseworthy
|
|
Batting: RHB Luis Solorzano
|
0-0: Called Strike 0-1: Ball 1-1: Called Strike 1-2: Strikes out swinging
|
|
Batting: LHB Santino Pisanello
|
0-0: Called Strike 0-1: Swinging Strike 0-2: Strikes out swinging
|
|
Batting: SHB Albert Ortiz
|
0-0: Ball 1-0: Fly out, F6 (Line Drive, 56D, EV 66.9 MPH)
|
| Top of the 2nd over - 0 runs, 0 hits, 0 errors, 0 left on base; Texas (APP) 0 - Baltimore (APP) 0 |
| BOTTOM OF THE 2ND |
|
Baltimore (APP) Orioles batting - Pitching for Texas (APP) Rangers : RHP Rick Madden
|
|
Batting: LHB Chris Cohen
|
0-0: Ball 1-0: Foul Ball, location: 2F 1-1: Ground out 6-3 (Groundball, 6MS, EV 90.0 MPH)
|
|
Batting: RHB Ruben Domingues
|
0-0: SINGLE (Groundball, 5S, EV 71.9 MPH) (infield hit)
|
|
Batting: LHB Edwin Cabral
|
0-0: Ball 1-0: Fielders Choice at 2nd, 6-4 (Groundball, 6MS, EV 90.6 MPH)
|
|
Batting: RHB Han Caspers
|
0-0: Fly out, F9 (Flyball, 9S, EV 80.6 MPH)
|
| Bottom of the 2nd over - 0 runs, 1 hit, 0 errors, 1 left on base; Texas (APP) 0 - Baltimore (APP) 0 |
| TOP OF THE 3RD |
|
Texas (APP) Rangers batting - Pitching for Baltimore (APP) Orioles : LHP Lawson Noseworthy
|
|
Batting: LHB Bobby Scott
|
0-0: Ball 1-0: Ball 2-0: SOLO HOME RUN (Flyball, 9LD, EV 95.0 MPH), Distance : 337 ft
|
|
Batting: RHB Torsten Fisher
|
0-0: Ground out 5-3 (Groundball, 56S, EV 90.6 MPH)
|
|
Batting: SHB Tim Rogers
|
0-0: Ball 1-0: Fly out, F5 (Line Drive, 6, EV 69.4 MPH)
|
|
Batting: RHB Ron Squires
|
0-0: SINGLE (Line Drive, 4M, EV 95.6 MPH)
|
|
Batting: RHB Jerry Foster
|
0-0: Called Strike 0-1: Foul Ball, location: 2F 0-2: Ball 1-2: Ground out 5-3 (Groundball, 56S, EV 86.2 MPH)
|
| Top of the 3rd over - 1 run, 2 hits, 0 errors, 1 left on base; Texas (APP) 1 - Baltimore (APP) 0 |
| BOTTOM OF THE 3RD |
|
Baltimore (APP) Orioles batting - Pitching for Texas (APP) Rangers : RHP Rick Madden
|
|
Batting: LHB Ivan Alvarez
|
0-0: Swinging Strike 0-1: Ball 1-1: Swinging Strike 1-2: Strikes out swinging
|
|
Batting: SHB Eric Kelley
|
0-0: Foul Ball, location: 2F 0-1: SINGLE (Groundball, 3D, EV 101.2 MPH)
|
|
Batting: RHB C.J. Wells
|
0-0: Ball 1-0: Ball 2-0: Fly out, F8 (Line Drive, 89D, EV 88.1 MPH)
|
|
Batting: LHB Xue-liang Zhou
|
0-0: Called Strike 0-1: Ball 1-1: Ball 2-1: Foul Ball, location: 2F 2-2: Foul Ball, location: 2F 2-2: Ball 3-2: Fly out, F9 (Flyball, 9, EV 91.2 MPH)
|
| Bottom of the 3rd over - 0 runs, 1 hit, 0 errors, 1 left on base; Texas (APP) 1 - Baltimore (APP) 0 |
| TOP OF THE 4TH |
|
Texas (APP) Rangers batting - Pitching for Baltimore (APP) Orioles : LHP Lawson Noseworthy
|
|
Batting: RHB Nick Solberg
|
0-0: Ball 1-0: SOLO HOME RUN (Flyball, 78XD, EV 110.6 MPH), Distance : 440 ft
|
|
Batting: RHB Luis Solorzano
|
0-0: Foul Ball, location: 2F 0-1: Foul Ball, location: 2F 0-2: Ball 1-2: SINGLE (Line Drive, 4M, EV 100.6 MPH)
|
|
Batting: LHB Santino Pisanello
|
0-0: Called Strike 0-1: Called Strike 0-2: Fielders Choice at 2nd, 3-6 (Groundball, 3, EV 80.6 MPH)
|
|
Batting: SHB Albert Ortiz
|
0-0: Foul Ball, location: 2F 0-1: Ball 1-1: Foul Ball, location: 2F 1-2: Strikes out looking
|
|
Batting: LHB Bobby Scott
|
0-0: Called Strike 0-1: Called Strike 0-2: Strikes out swinging
|
| Top of the 4th over - 1 run, 2 hits, 0 errors, 1 left on base; Texas (APP) 2 - Baltimore (APP) 0 |
| BOTTOM OF THE 4TH |
|
Baltimore (APP) Orioles batting - Pitching for Texas (APP) Rangers : RHP Rick Madden
|
|
Batting: RHB Minoru Matsumoto
|
0-0: Ball 1-0: Foul Ball, location: 2F 1-1: Ground out 6-3 (Groundball, 6MS, EV 75.6 MPH)
|
|
Batting: LHB Chris Cohen
|
0-0: Called Strike 0-1: Foul Ball, location: 2F 0-2: Foul Ball, location: 2F 0-2: Foul Ball, location: 2F 0-2: Foul Ball, location: 2F 0-2: Ball 1-2: Ball 2-2: Foul Ball, location: 2F 2-2: Fly out, F9 (Line Drive, 9LS, EV 98.1 MPH)
|
|
Batting: RHB Ruben Domingues
|
0-0: Fly out, F8 (Flyball, 8RS, EV 91.2 MPH)
|
| Bottom of the 4th over - 0 runs, 0 hits, 0 errors, 0 left on base; Texas (APP) 2 - Baltimore (APP) 0 |
| TOP OF THE 5TH |
|
Texas (APP) Rangers batting - Pitching for Baltimore (APP) Orioles : LHP Lawson Noseworthy
|
|
Batting: RHB Torsten Fisher
|
0-0: SOLO HOME RUN (Line Drive, 7D, EV 110.0 MPH), Distance : 397 ft
|
|
Batting: SHB Tim Rogers
|
0-0: Ball 1-0: Ball 2-0: Ball 3-0: Called Strike 3-1: Base on Balls
|
|
Batting: RHB Ron Squires
|
0-0: Ball 1-0: Fly out, F9 (Line Drive, 89M, EV 84.4 MPH)
|
|
Batting: RHB Jerry Foster
|
0-0: Ball Wild Pitch! Tim Rogers to second 1-0: Ball 2-0: Fly out, F8 (Flyball, 78D, EV 98.1 MPH)
|
|
Batting: RHB Nick Solberg
|
0-0: Ground out 3-1 (Groundball, 34, EV 86.9 MPH)
|
| Top of the 5th over - 1 run, 1 hit, 0 errors, 1 left on base; Texas (APP) 3 - Baltimore (APP) 0 |
| BOTTOM OF THE 5TH |
|
Baltimore (APP) Orioles batting - Pitching for Texas (APP) Rangers : RHP Rick Madden
|
|
Batting: LHB Edwin Cabral
|
0-0: Ball 1-0: Swinging Strike 1-1: Ball 2-1: Called Strike 2-2: Ball 3-2: Strikes out swinging
|
|
Batting: RHB Han Caspers
|
0-0: Ball 1-0: Bunted foul 1-1: Called Strike 1-2: Ball 2-2: Strikes out swinging
|
|
Batting: LHB Ivan Alvarez
|
0-0: Called Strike 0-1: Swinging Strike 0-2: Strikes out looking
|
| Bottom of the 5th over - 0 runs, 0 hits, 0 errors, 0 left on base; Texas (APP) 3 - Baltimore (APP) 0 |
| TOP OF THE 6TH |
|
Texas (APP) Rangers batting - Pitching for Baltimore (APP) Orioles : LHP Lawson Noseworthy
|
|
Batting: RHB Luis Solorzano
|
0-0: Ball 1-0: Called Strike 1-1: Ground out 3-1 (Groundball, 34, EV 103.8 MPH)
|
|
Batting: LHB Santino Pisanello
|
0-0: Ball 1-0: Ball 2-0: Called Strike 2-1: Ball 3-1: Base on Balls
|
|
Batting: SHB Albert Ortiz
|
0-0: Called Strike 0-1: Foul Ball, location: 2F 0-2: Foul Ball, location: 2F 0-2: Ball 1-2: Ball 2-2: SINGLE (Groundball, 56D, EV 103.1 MPH) Santino Pisanello to second
|
|
Batting: LHB Bobby Scott
|
0-0: Called Strike 0-1: Ball 1-1: Foul Ball, location: 2F 1-2: Fielders Choice at 2nd, 4-6 (Groundball, 13, EV 85.0 MPH) Santino Pisanello to third
|
|
Pitching: RHP Xavier Martin
|
|
|
Batting: RHB Torsten Fisher
|
0-0: Ball 1-0: Foul Ball, location: 2F 1-1: SINGLE (Groundball, 56D, EV 103.1 MPH) Santino Pisanello scores Bobby Scott to second
|
|
Batting: SHB Tim Rogers
|
0-0: Ball 1-0: Ball 2-0: Called Strike 2-1: Ball 3-1: Fly out, F6 (Line Drive, 6, EV 68.8 MPH)
|
| Top of the 6th over - 1 run, 2 hits, 0 errors, 2 left on base; Texas (APP) 4 - Baltimore (APP) 0 |
| BOTTOM OF THE 6TH |
|
Baltimore (APP) Orioles batting - Pitching for Texas (APP) Rangers : RHP Rick Madden
|
|
Batting: SHB Eric Kelley
|
0-0: Ball 1-0: Called Strike 1-1: Foul Ball, location: 2F 1-2: SINGLE (Groundball, 6S, EV 65.0 MPH) (infield hit)
|
|
Batting: RHB C.J. Wells
|
0-0: Ball Eric Kelley steals 2nd, throwing error, E2 Eric Kelley to third 1-0: Swinging Strike 1-1: Ball 2-1: SINGLE (Groundball, 6MD, EV 102.5 MPH) Eric Kelley scores
|
|
Batting: LHB Xue-liang Zhou
|
0-0: Fly out, F9 (Line Drive, 89M, EV 90.0 MPH)
|
|
Batting: RHB Minoru Matsumoto
|
0-0: Foul Ball, location: 2F 0-1: Called Strike 0-2: Fielders Choice at 2nd, 6-4 (Groundball, 6MD, EV 79.4 MPH)
|
|
Batting: LHB Chris Cohen
|
0-0: Called Strike 0-1: Ground out U3 (Groundball, 3L, EV 104.4 MPH)
|
| Bottom of the 6th over - 1 run, 2 hits, 1 error, 1 left on base; Texas (APP) 4 - Baltimore (APP) 1 |
| TOP OF THE 7TH |
|
Texas (APP) Rangers batting - Pitching for Baltimore (APP) Orioles : RHP Xavier Martin
|
|
Batting: RHB Ron Squires
|
0-0: Foul Ball, location: 2F 0-1: Foul Ball, location: 2F 0-2: Fly out, F9 (Flyball, 9LS, EV 91.9 MPH)
|
|
Batting: RHB Jerry Foster
|
0-0: Ball 1-0: Called Strike 1-1: Ball 2-1: Called Strike 2-2: SOLO HOME RUN (Flyball, 7LD, EV 98.8 MPH), Distance : 390 ft
|
|
Batting: RHB Nick Solberg
|
0-0: Swinging Strike 0-1: Ball 1-1: Foul Ball, location: 2F 1-2: Ball 2-2: Fly out, F5 (Popup, 25, EV 79.4 MPH)
|
|
Batting: RHB Luis Solorzano
|
0-0: Ball 1-0: Ground out 5-3 (Groundball, 56, EV 83.8 MPH)
|
| Top of the 7th over - 1 run, 1 hit, 0 errors, 0 left on base; Texas (APP) 5 - Baltimore (APP) 1 |
| BOTTOM OF THE 7TH |
|
Baltimore (APP) Orioles batting - Pitching for Texas (APP) Rangers : RHP Rick Madden
|
|
Batting: RHB Ruben Domingues
|
0-0: Ball 1-0: Foul Ball, location: 2F 1-1: Ball 2-1: Swinging Strike 2-2: Ball 3-2: Foul Ball, location: 2F 3-2: Strikes out swinging
|
|
Batting: LHB Edwin Cabral
|
0-0: Ball 1-0: Foul Ball, location: 2F 1-1: DOUBLE (Groundball, 3L, EV 103.1 MPH)
|
|
Batting: RHB Han Caspers
|
0-0: Foul Ball, location: 2F 0-1: Ball 1-1: Fly out, F7 (Line Drive, 7S, EV 98.1 MPH)
|
|
Batting: LHB Ivan Alvarez
|
0-0: Ground out 4-3 (Groundball, 4, EV 104.4 MPH)
|
| Bottom of the 7th over - 0 runs, 1 hit, 0 errors, 1 left on base; Texas (APP) 5 - Baltimore (APP) 1 |
| TOP OF THE 8TH |
|
Texas (APP) Rangers batting - Pitching for Baltimore (APP) Orioles : RHP Xavier Martin
|
|
Batting: LHB Santino Pisanello
|
0-0: Ball 1-0: Foul Ball, location: 2F 1-1: Ball 2-1: Called Strike 2-2: Ground out 4-3 (Groundball, 4, EV 76.2 MPH)
|
|
Batting: SHB Albert Ortiz
|
0-0: Foul Ball, location: 2F 0-1: Ground out 4-3 (Groundball, 4, EV 90.6 MPH)
|
|
Batting: LHB Bobby Scott
|
0-0: Ball 1-0: Ball 2-0: Called Strike 2-1: Ground out 5-3 (Groundball, 56, EV 83.8 MPH)
|
| Top of the 8th over - 0 runs, 0 hits, 0 errors, 0 left on base; Texas (APP) 5 - Baltimore (APP) 1 |
| BOTTOM OF THE 8TH |
|
Baltimore (APP) Orioles batting - Pitching for Texas (APP) Rangers : RHP Rick Madden
|
|
Batting: SHB Eric Kelley
|
0-0: Ground out U3 (Groundball, 3, EV 77.5 MPH)
|
|
Batting: RHB C.J. Wells
|
0-0: Called Strike 0-1: Ball 1-1: Ball 2-1: Ball 3-1: Swinging Strike 3-2: SOLO HOME RUN (Line Drive, 7D, EV 98.1 MPH), Distance : 393 ft
|
|
Pitching: LHP Alex Boites
|
|
|
Batting: LHB Xue-liang Zhou
|
0-0: Foul Ball, location: 2F 0-1: Ground out 4-3 (Groundball, 4, EV 86.2 MPH)
|
|
Batting: RHB Minoru Matsumoto
|
0-0: Ball 1-0: Called Strike 1-1: Ball 2-1: Ball 3-1: Swinging Strike 3-2: Ground out U3 (Groundball, 34, EV 79.4 MPH)
|
| Bottom of the 8th over - 1 run, 1 hit, 0 errors, 0 left on base; Texas (APP) 5 - Baltimore (APP) 2 |
| TOP OF THE 9TH |
|
Texas (APP) Rangers batting - Pitching for Baltimore (APP) Orioles : RHP Xavier Martin
|
|
Batting: RHB Torsten Fisher
|
0-0: Called Strike 0-1: Swinging Strike 0-2: Strikes out swinging
|
|
Batting: SHB Tim Rogers
|
0-0: Ball 1-0: SINGLE (Line Drive, 56D, EV 98.1 MPH)
|
|
Batting: RHB Ron Squires
|
0-0: Foul Ball, location: 2F 0-1: Ball 1-1: Called Strike Tim Rogers steals 2nd base 1-2: Ball 2-2: Fly out, F9 (Flyball, 9, EV 97.5 MPH)
|
|
Batting: RHB Jerry Foster
|
0-0: Ball 1-0: Ball 2-0: Foul Ball, location: 2F 2-1: Ball 3-1: Foul Ball, location: 2F 3-2: Ground out 5-3 (Groundball, 5, EV 82.5 MPH)
|
| Top of the 9th over - 0 runs, 1 hit, 0 errors, 1 left on base; Texas (APP) 5 - Baltimore (APP) 2 |
| BOTTOM OF THE 9TH |
|
Baltimore (APP) Orioles batting - Pitching for Texas (APP) Rangers : LHP Alex Boites
|
|
Batting: LHB Chris Cohen
|
0-0: Foul Ball, location: 2F 0-1: Called Strike 0-2: Foul Ball, location: 2F 0-2: Foul Ball, location: 2F 0-2: Ball 1-2: Foul Ball, location: 2F 1-2: Foul Ball, location: 2F 1-2: Foul Ball, location: 2F 1-2: Strikes out swinging
|
|
Batting: RHB Ruben Domingues
|
0-0: SINGLE (Groundball, 6MD, EV 101.9 MPH)
|
|
Batting: LHB Edwin Cabral
|
0-0: Ball 1-0: DOUBLE (Line Drive, 7LM, EV 103.1 MPH) Ruben Domingues to third
|
|
Pinch Hitting: RHB Tony Fernandez
|
0-0: Foul Ball, location: 2F 0-1: Ball 1-1: SINGLE (Line Drive, 9LS, EV 88.1 MPH) Ruben Domingues scores Edwin Cabral to third
|
|
Pinch Hitting: RHB Javier Brizuela
|
Pickoff Throw to First - Out! 1-3 0-0: Ball 1-0: Swinging Strike 1-1: Swinging Strike 1-2: Ball 2-2: Strikes out swinging
|
| Bottom of the 9th over - 1 run, 3 hits, 0 errors, 1 left on base; Texas (APP) 5 - Baltimore (APP) 3 |
|